cohdb
Replays
Latest Replays
All Replays
Popular Replays
Top Player Replays
Match Explorer
How It Works
Community
CoH3 Stats
Reddit
Sign in to upload your games and track your stats! →
Sign in with Steam
Match 39916458
Unlisted
Match 39916458
Overview
Messages
Build Orders
End
Construct Infanterie Kompanie
Selects Terror Battlegroup
Selects Machine Gun Camouflage
MG 42 Machine Gun Team
MG 42 Machine Gun Team
GrW 34 Mortar Team
Construct Panzergrenadier Kompanie
Panzergrenadier Squad
Selects Contempt for the Weak
Panzergrenadier Squad
Panzergrenadier Officer Quarters
Support Elements
StuG III G Assault Gun
Medical Bunker
打飞医保卡
LordOfThrones
|_THUNDER_|
HiddenJoker
Tico
Jordon_S-aints
Bananenratte
清子
0
0
Comments
sign in to comment!
No comments posted yet!